[Event "December 19 Early 2023"]
[Site "https://www.chess.com"]
[Date "2023.12.19"]
[Round "5"]
[White "Karas, Marek"]
[Black "Petrova, Irina"]
[Result "1-0"]
[Board "155"]
[TimeControl "180+1"]
[WhiteFideId "14928558"]
[BlackFideId "14124122"]
[WhiteElo "2218"]
[BlackElo "2085"]
[WhiteTeam "CZE"]
[BlackTeam "UKR"]
[WhiteClock "0:00:10"]
[BlackClock "0:00:05"]

1. d4 d6 2. e4 Nf6 3. Nc3 e5 4. Nf3 Nbd7 5. Bc4 Be7 6. O-O O-O 7. a4 c6 8. Re1 h6 9. h3 Re8 10. Bd3 Bf8 11. Ne2 d5 12. dxe5 Nxe4 13. Bf4 Ndc5 14. Ned4 Qb6 15. Qc1 Ne6 16. Be3 Qc7 17. Nxe6 Bxe6 18. Bf4 Nc5 19. Qe3 Nxd3 20. cxd3 c5 21. d4 c4 22. Nh2 a6 23. Qg3 Kh7 24. Bd2 b5 25. axb5 axb5 26. f4 b4 27. Qf3 Bf5 28. Rxa8 Rxa8 29. Qxd5 Rd8 30. Qf3 Rxd4 31. Be3 Rd3 32. g4 Be6 33. Qe4+ g6 34. f5 Bd5 35. fxg6+ fxg6 36. Qf4 Rxe3 37. Rxe3 Bc5 38. Nf1 Bxe3+ 39. Nxe3 c3 40. bxc3 bxc3 41. Nxd5 Qa7+ 42. Qe3 Qa1+ 43. Kf2 c2 44. Nf6+ Kg7 45. Qc5 c1=Q 46. Qe7+ Kh8 47. Qh7# 1-0

[Event "December 19 Early 2023"]
[Site "https://www.chess.com"]
[Date "2023.12.19"]
[Round "5"]
[White "Guimaraes, Wagner Peixoto"]
[Black "Kochiev, Ivan"]
[Result "1/2-1/2"]
[Board "156"]
[TimeControl "180+1"]
[WhiteFideId "2100940"]
[BlackFideId "2917890"]
[WhiteElo "2140"]
[BlackElo "2285"]
[WhiteTeam "BRA"]
[BlackTeam "BUL"]
[WhiteClock "0:00:08"]
[BlackClock "0:00:08"]

1. d4 Nf6 2. Bf4 e6 3. Nc3 d5 4. Nb5 Na6 5. e3 c6 6. Nc3 Bd6 7. Nge2 O-O 8. Bxd6 Qxd6 9. Ng3 e5 10. dxe5 Qxe5 11. Bxa6 bxa6 12. O-O Rb8 13. Rb1 Be6 14. Qd4 Qd6 15. Rfd1 Rb4 16. Qxa7 c5 17. a3 Rbb8 18. Nce4 Nxe4 19. Nxe4 Qe5 20. Nxc5 Ra8 21. Nd3 Qg5 22. Qd4 Rac8 23. Qf4 Qh5 24. Rdc1 Rc4 25. Qf3 Qg6 26. Ne5 Qh6 27. Nxc4 dxc4 28. Qg3 g6 29. c3 Bf5 30. Ra1 Qg7 31. h4 Qf6 32. Rd1 Bd3 33. Rac1 a5 34. Qf4 Qb6 35. Rd2 a4 36. Qd4 Qa6 37. Rcd1 Qa5 38. Rxd3 cxd3 39. Qxd3 Rb8 40. Qd2 Qc5 41. g3 h5 42. Qd6 Qb5 43. Qd2 Qb6 44. Kh2 Re8 45. Re1 Qf6 46. Kg1 Re5 47. Qd4 Qe6 48. Qxa4 Rd5 49. Qa7 Rd2 50. Qb8+ Kg7 51. Qf4 Qc6 52. Qe5+ Kh7 53. b4 Ra2 54. Qd4 Qe6 55. e4 Qb3 56. Qe3 Qxa3 57. Qf3 Kg8 58. e5 Rc2 59. e6 fxe6 60. Qe3 Qxc3 61. Qxe6+ Kh7 62. Qe7+ Qg7 63. Qxg7+ Kxg7 64. Re4 Rc1+ 65. Kg2 Rb1 66. Rc4 Kf6 67. Rc6+ Kg7 68. Rc4 Kh6 69. Rf4 Rb2 70. Kg1 Rb1+ 71. Kg2 Rb2 72. g4 hxg4 73. Rxg4 Kh5 74. Rf4 Rb3 75. f3 Rb2+ 76. Kg3 Rb3 77. Rc4 Rb1 78. Rc5+ Kh6 79. b5 Rg1+ 80. Kh3 Rb1 81. Kg4 Rh1 82. Kg3 Rg1+ 83. Kf2 Rb1 84. Rg5 Rb4 85. Kg3 Rb1 86. f4 Rg1+ 87. Kf3 Rh1 88. h5 gxh5 89. Rc5 Rb1 90. Rc6+ Kg7 91. b6 Rb3+ 92. Ke4 Rb4+ 93. Kf5 h4 94. Kg4 h3 95. Kxh3 Rxf4 96. Re6 Rb4 97. Kg3 Kf7 98. Rc6 Ke7 99. Kf3 Kd7 100. Rh6 Kc8 101. Ke3 Kb7 102. Kd3 Rxb6 103. Rxb6+ Kxb6 1/2-1/2

[Event "December 19 Early 2023"]
[Site "https://www.chess.com"]
[Date "2023.12.19"]
[Round "5"]
[White "Caceres Benitez, Arturo Eduardo"]
[Black "Obon Temprano, Sergi"]
[Result "1-0"]
[Board "157"]
[TimeControl "180+1"]
[WhiteFideId "3710769"]
[BlackFideId "2226545"]
[WhiteElo "2045"]
[BlackElo "2135"]
[WhiteTeam "PAR"]
[BlackTeam "ESP"]
[WhiteClock "0:00:11"]
[BlackClock "0:00:49"]

1. c4 c6 2. Nf3 d5 3. b3 Nf6 4. Bb2 Bf5 5. d3 e6 6. g3 Nbd7 7. Bg2 Bc5 8. Nbd2 O-O 9. a3 a5 10. Nh4 Bg6 11. Nxg6 hxg6 12. e3 Be7 13. O-O Nh7 14. Qc2 Bf6 15. Bxf6 Nhxf6 16. d4 Qe7 17. e4 dxe4 18. Nxe4 Nxe4 19. Bxe4 Nf6 20. Bg2 Rfd8 21. Rfd1 Qc7 22. Qc3 Rd7 23. b4 axb4 24. axb4 Rad8 25. f4 Qb6 26. c5 Qb5 27. Bf1 Ne4 28. Qe1 Rxd4 29. Rxd4 Rxd4 30. Bxb5 cxb5 31. Rb1 Rc4 32. Rb3 Nf6 33. Qe5 Nd5 34. Qb8+ Kh7 35. Qxb7 Nxb4 36. Qxb5 Rc1+ 37. Kg2 Nd5 38. Kh3 f6 39. c6 g5 40. fxg5 fxg5 41. Rd3 Nf6 42. g4 Ne4 43. Re3 Nf2+ 44. Kg2 Nxg4 45. Qd3+ g6 46. Rxe6 Rc5 47. Qxg6+ 1-0

[Event "December 19 Early 2023"]
[Site "https://www.chess.com"]
[Date "2023.12.19"]
[Round "5"]
[White "Silvestre, Christian"]
[Black "Ljukin, Sergei"]
[Result "0-1"]
[Board "158"]
[TimeControl "180+1"]
[WhiteFideId "30956269"]
[BlackFideId "14102200"]
[WhiteElo "2249"]
[BlackElo "2319"]
[WhiteTeam "USA"]
[BlackTeam "UKR"]
[WhiteClock "0:00:00"]
[BlackClock "0:00:12"]

1. Nf3 d5 2. d4 Nf6 3. Bf4 c5 4. c3 Nc6 5. e3 Qb6 6. Qb3 c4 7. Qxb6 axb6 8. Nbd2 b5 9. a3 b4 10. cxb4 Nxb4 11. O-O-O Bf5 12. Nb1 Nc6 13. Nc3 e6 14. Ne5 Na5 15. Re1 Be7 16. f3 Nh5 17. g4 Nxf4 18. exf4 Nb3+ 19. Kd1 Bg6 20. f5 f6 21. fxg6 fxe5 22. Rxe5 Nxd4 23. Rh5 h6 24. Bg2 O-O 25. Rf1 Bxa3 26. bxa3 Rxa3 27. Nb1 Ra2 28. Bh1 b5 29. Nd2 c3 30. Nb1 c2+ 31. Kc1 cxb1=Q+ 32. Kxb1 Re2 33. Rh3 b4 34. f4 b3 35. Rd3 e5 36. Bf3 Nxf3 37. Rdxf3 e4 38. R3f2 Rxf2 39. Rxf2 e3 40. Rb2 d4 41. Re2 d3 42. Rxe3 Rd8 43. Re1 d2 44. Rd1 Rd4 45. h3 Rd3 46. Kb2 Kf8 47. Ka3 Ke7 48. Kb4 b2 49. Kc4 b1=Q 50. Rxb1 d1=Q 51. Rxd1 Rxd1 52. g5 hxg5 53. f5 Rh1 54. Kd5 Kf6 55. Ke4 Rxh3 56. Kd4 Kxf5 57. Kd5 Kxg6 58. Ke6 Rf3 59. Ke5 Rf6 60. Ke4 g4 61. Ke5 g3 62. Ke4 g2 63. Ke3 g1=Q+ 64. Ke4 Qg5 0-1

[Event "December 19 Early 2023"]
[Site "https://www.chess.com"]
[Date "2023.12.19"]
[Round "5"]
[White "Manukyan, Sargis V."]
[Black "Deveci, Huseyin Said"]
[Result "1-0"]
[Board "159"]
[TimeControl "180+1"]
[WhiteFideId "13303465"]
[BlackFideId "26322455"]
[WhiteElo "2236"]
[BlackElo "1954"]
[WhiteTeam "ARM"]
[BlackTeam "TUR"]
[WhiteClock "0:02:17"]
[BlackClock "0:02:14"]

1. d4 d5 2. Nf3 Nf6 3. c4 c6 4. e3 e6 5. Nc3 Nbd7 6. Qc2 dxc4 7. Bxc4 b5 8. Bd3 b4 9. Ne4 Bb7 10. O-O Be7 11. a3 a5 12. axb4 axb4 13. Rxa8 Qxa8 14. Bd2 O-O 15. Nc5 Nxc5 16. dxc5 Rd8 17. Bxb4 Rxd3 18. Qxd3 Ba6 19. Qa3 1-0

[Event "December 19 Early 2023"]
[Site "https://www.chess.com"]
[Date "2023.12.19"]
[Round "5"]
[White "Hartikainen, Jarmo"]
[Black "Serra Canals, Oriol"]
[Result "1-0"]
[Board "160"]
[TimeControl "180+1"]
[WhiteFideId "503134"]
[BlackFideId "22276084"]
[WhiteElo "2141"]
[BlackElo "2108"]
[WhiteTeam "FIN"]
[BlackTeam "ESP"]
[WhiteClock "0:00:13"]
[BlackClock "0:00:13"]

1. e4 e6 2. d4 d5 3. Nd2 Nf6 4. e5 Nfd7 5. Bd3 c5 6. c3 cxd4 7. cxd4 Nc6 8. Ne2 f6 9. exf6 Qxf6 10. Nf3 Bd6 11. a3 O-O 12. Qc2 e5 13. Bg5 Qf7 14. Bxh7+ Kh8 15. Bg6 Qe6 16. dxe5 Ndxe5 17. Nxe5 Nxe5 18. Bd3 Qg4 19. Be3 Qxg2 20. O-O-O Nxd3+ 21. Qxd3 Bf5 22. Qxd5 Qxd5 23. Rxd5 Be4 24. Rh5+ Kg8 25. Rg1 Rac8+ 26. Nc3 Rf7 27. Rh4 Bf3 28. Bd4 Be7 29. Rh3 Rd8 30. Be5 Rf5 31. Rxg7+ Kf8 32. Rh8# 1-0

[Event "December 19 Early 2023"]
[Site "https://www.chess.com"]
[Date "2023.12.19"]
[Round "5"]
[White "Cramling Bellon, Anna"]
[Black "Lacasa Diaz, Josep Anton"]
[Result "0-1"]
[Board "161"]
[TimeControl "180+1"]
[WhiteFideId "32009232"]
[BlackFideId "2203375"]
[WhiteElo "1976"]
[BlackElo "2338"]
[WhiteTeam "SWE"]
[BlackTeam "ESP"]
[WhiteClock "0:00:00"]
[BlackClock "0:00:14"]

1. d4 d5 2. c4 e6 3. Nc3 c5 4. e3 Nf6 5. cxd5 exd5 6. Nf3 Nc6 7. g3 Bg4 8. Bg2 cxd4 9. exd4 Be7 10. O-O O-O 11. Re1 Re8 12. h3 Bf5 13. Bg5 Ne4 14. Bxe7 Rxe7 15. Nh4 Nxc3 16. bxc3 Be6 17. f4 Qd7 18. g4 f6 19. Qd3 Rae8 20. Re3 Bf7 21. Rae1 Rxe3 22. Rxe3 Rxe3 23. Qxe3 Be6 24. Nf5 Bxf5 25. gxf5 Kf8 26. Qe6 Qxe6 27. fxe6 Ne7 28. Kf2 b6 29. Ke2 f5 30. Kd3 g6 31. c4 Kg7 32. cxd5 Nc8 33. Kc4 Nd6+ 34. Kb4 Kf6 35. a4 Ke7 36. a5 Kd8 37. axb6 axb6 38. Kc3 Ke7 39. Kb4 h6 40. h4 Kf6 41. Kc3 g5 42. hxg5+ hxg5 43. fxg5+ Kxg5 44. e7 Kf6 45. Kd3 Kxe7 46. Ke3 Kf6 47. Kf4 Kg6 48. Bh3 Kf6 49. Bg2 b5 50. Bf1 b4 51. Bd3 b3 52. Bb1 b2 53. Bd3 Ke7 54. Ke5 Kd7 55. Bb1 Kc7 56. Ke6 f4 57. Ke5 f3 58. Kf4 f2 0-1

[Event "December 19 Early 2023"]
[Site "https://www.chess.com"]
[Date "2023.12.19"]
[Round "5"]
[White "Eilers, Stefan"]
[Black "Mende, Andreas"]
[Result "1-0"]
[Board "162"]
[TimeControl "180+1"]
[WhiteFideId "4609565"]
[BlackFideId "4631102"]
[WhiteElo "2441"]
[BlackElo "2083"]
[WhiteTeam "GER"]
[BlackTeam "GER"]
[WhiteClock "0:00:31"]
[BlackClock "0:00:00"]

1. d4 Nf6 2. Nc3 d5 3. Bf4 g6 4. Nf3 Bg7 5. Nb5 Na6 6. e3 c6 7. Nc3 Nc7 8. h4 h5 9. Ne5 Ne6 10. Bg3 Ne4 11. Nxe4 dxe4 12. c3 Qb6 13. Nc4 Qd8 14. Qc2 Qd5 15. Nd2 f5 16. f3 exf3 17. gxf3 O-O 18. e4 fxe4 19. fxe4 Qa5 20. Bc4 Kh7 21. O-O-O b5 22. Bb3 c5 23. Bd5 Bd7 24. Bxa8 Rxa8 25. d5 Nf8 26. Kb1 Rc8 27. Rhg1 c4 28. Nf3 Bg4 29. Ng5+ Kg8 30. Rdf1 b4 31. Be1 b3 32. axb3 cxb3 33. Qxb3 Qc5 34. Bf2 Qd6 35. Bd4 Bxd4 36. cxd4 Rb8 37. Qc3 Be2 38. Rf2 Qa6 39. Ne6 Nxe6 40. Rxg6+ Kh7 41. Rxe6 Bd3+ 42. Kc1 Qa1+ 43. Kd2 Rxb2+ 44. Kxd3 1-0

[Event "December 19 Early 2023"]
[Site "https://www.chess.com"]
[Date "2023.12.19"]
[Round "5"]
[White "UnTucopalaTimba"]
[Black "Stillger, Bernhard"]
[Result "1/2-1/2"]
[Board "163"]
[TimeControl "180+1"]
[BlackFideId "4610768"]
[WhiteElo "1831"]
[BlackElo "2252"]
[BlackTeam "GER"]
[WhiteClock "0:00:26"]
[BlackClock "0:00:05"]

1. e4 c6 2. d4 d5 3. Nc3 dxe4 4. Nxe4 Bf5 5. Ng3 Bg6 6. Nh3 Nf6 7. Nf4 e5 8. Nxg6 hxg6 9. dxe5 Qa5+ 10. Bd2 Qxe5+ 11. Qe2 Nbd7 12. O-O-O O-O-O 13. Bc3 Qxe2 14. Bxe2 Nd5 15. Ba5 b6 16. Ba6+ Kc7 17. Be1 Bd6 18. f3 Nc5 19. Bd3 Ne3 20. Rd2 Bf4 21. Kb1 Nc4 22. Re2 Nxd3 23. cxd3 Rxd3 24. Bc3 Bxg3 25. Re7+ Kb8 26. Bxg7 Rg8 27. hxg3 Rdd8 28. Bc3 Rge8 29. Rhe1 Rxe7 30. Rxe7 Rd1+ 31. Kc2 Rg1 32. Kd3 Na5 33. Be5+ Kc8 34. Rxa7 Rxg2 35. b4 Nb7 36. Ra8+ Kd7 37. Rb8 Nd6 38. Bxd6 Kxd6 39. Rxb6 Rxg3 40. Ke4 f5+ 41. Kf4 Rh3 42. a4 Kc7 43. Ra6 Rh4+ 44. Kg5 Rxb4 45. Kxg6 f4 46. Kf5 Kb7 47. Ra5 Kb6 48. Ra8 c5 49. Ke5 c4 50. Kxf4 Kc5 51. Rc8+ Kd4 52. Rd8+ Kc5 53. Ke3 Rb3+ 54. Ke2 Ra3 55. Rc8+ Kd4 56. Rd8+ Kc5 57. Rc8+ Kd4 58. Rd8+ Kc5 1/2-1/2

[Event "December 19 Early 2023"]
[Site "https://www.chess.com"]
[Date "2023.12.19"]
[Round "5"]
[White "Caruana, Fabiano"]
[Black "Filippova, Margarita"]
[Result "1-0"]
[Board "164"]
[TimeControl "180+1"]
[WhiteFideId "2020009"]
[BlackFideId "34199680"]
[WhiteElo "2815"]
[BlackElo "1916"]
[WhiteTeam "USA"]
[BlackTeam "RUS"]
[WhiteClock "0:01:52"]
[BlackClock "0:01:10"]

1. d3 d5 2. f4 c5 3. Nf3 Nc6 4. g3 g6 5. Bg2 Bg7 6. O-O Nf6 7. Qe1 Qc7 8. e4 dxe4 9. dxe4 Bg4 10. e5 Nd5 11. c3 e6 12. Nbd2 h5 13. Ne4 Bf8 14. c4 Nb6 15. Nf6+ Ke7 16. Be3 Nd7 17. Ng5 Nxf6 18. exf6+ Ke8 19. Kh1 Bh6 20. Bxc5 Bxg5 21. fxg5 h4 22. gxh4 Rd8 23. b4 b6 24. Qg3 Qd7 25. Be7 Bf5 26. Bxd8 Nxd8 27. Rad1 Qc8 28. Qd6 Nc6 29. Bxc6+ Qxc6+ 30. Qxc6+ 1-0

[Event "December 19 Early 2023"]
[Site "https://www.chess.com"]
[Date "2023.12.19"]
[Round "5"]
[White "Ruge, Edison"]
[Black "Do Nascimento,Christian Almeida"]
[Result "0-1"]
[Board "165"]
[TimeControl "180+1"]
[WhiteFideId "4401000"]
[BlackFideId "2143801"]
[WhiteElo "2175"]
[BlackElo "2118"]
[WhiteTeam "COL"]
[BlackTeam "BRA"]
[WhiteClock "0:00:00"]
[BlackClock "0:00:12"]

1. e4 c5 2. Nf3 d6 3. d3 Nf6 4. Nbd2 g6 5. g3 Bg7 6. Bg2 O-O 7. O-O Nc6 8. h3 Rb8 9. Re1 b5 10. e5 Nxe5 11. Nxe5 dxe5 12. Rxe5 Nd7 13. Re1 Bb7 14. Ne4 f5 15. Ng5 Bxg2 16. Kxg2 Ne5 17. Bf4 Qd5+ 18. f3 h6 19. Bxe5 Bxe5 20. Qe2 Bxb2 21. Rab1 Bc3 22. Qxe7 hxg5 23. Qxg5 Qd6 24. Re2 Rbe8 25. Rxe8 Rxe8 26. Rxb5 Qe6 27. Rb1 Bg7 28. Rf1 Bd4 29. Kh1 Kf7 30. Qh6 Rh8 31. Qd2 Rxh3+ 32. Kg2 Rh8 33. Re1 Qf6 34. Qa5 Re8 35. Qxa7+ Re7 36. Rxe7+ Qxe7 37. Qxe7+ Kxe7 38. g4 f4 39. Kf1 Kf6 40. Ke2 Bc3 0-1

[Event "December 19 Early 2023"]
[Site "https://www.chess.com"]
[Date "2023.12.19"]
[Round "5"]
[White "Rushbrooke, Remy"]
[Black "Skatchkov, Valery"]
[Result "1-0"]
[Board "166"]
[TimeControl "180+1"]
[WhiteFideId "443590"]
[BlackFideId "24195812"]
[WhiteElo "1942"]
[BlackElo "2320"]
[WhiteTeam "ENG"]
[BlackTeam "RUS"]
[WhiteClock "0:01:40"]
[BlackClock "0:01:06"]

1. d4 Nf6 2. Nc3 e6 3. e4 d5 4. Bg5 Bb4 5. e5 h6 6. Bc1 Nfd7 7. Qg4 Kf8 8. a3 Bxc3+ 9. bxc3 c5 10. h4 Nc6 11. Rh3 h5 12. Qf4 Qa5 13. Bd2 Rh6 14. Rf3 Nd8 15. Nh3 Qc7 16. Qg3 Rh8 17. Bd3 Kg8 18. Bg5 Nf8 19. Bf6 Ng6 20. Bxg6 fxg6 21. Qxg6 Rh6 22. Qe8+ 1-0

[Event "December 19 Early 2023"]
[Site "https://www.chess.com"]
[Date "2023.12.19"]
[Round "5"]
[White "Souleidis, Georgios"]
[Black "Marinakis, Hristos"]
[Result "1-0"]
[Board "167"]
[TimeControl "180+1"]
[WhiteFideId "4206827"]
[BlackFideId "4294661"]
[WhiteElo "2401"]
[BlackElo "2300"]
[WhiteTeam "GRE"]
[BlackTeam "GRE"]
[WhiteClock "0:00:08"]
[BlackClock "0:00:02"]

1. e4 c5 2. Nf3 d6 3. Bc4 Nf6 4. d3 e6 5. O-O Be7 6. Bb3 O-O 7. c3 Nc6 8. Re1 e5 9. h3 b5 10. a4 b4 11. d4 cxd4 12. cxd4 Bb7 13. Bg5 h6 14. Bxf6 Bxf6 15. d5 Nd4 16. Nxd4 exd4 17. Nd2 Ba6 18. Bc4 Bb7 19. a5 Rc8 20. Qb3 Ba8 21. Qxb4 d3 22. Qa3 Bd4 23. Qxd3 Bxb2 24. Ra2 Be5 25. Nf3 Qf6 26. Nxe5 Qxe5 27. Rc2 Rc5 28. a6 Rfc8 29. Rec1 g6 30. Bb5 Rxc2 31. Rxc2 Rb8 32. g3 Kg7 33. Kg2 f5 34. Rc7+ Kf6 35. Bc6 fxe4 36. Qe3 Bxc6 37. dxc6 Rb6 38. Qxh6 d5 39. Qh8+ Ke6 40. Re7+ Kxe7 41. Qxe5+ Kd8 42. Qxd5+ Kc7 43. Qd7+ 1-0

[Event "December 19 Early 2023"]
[Site "https://www.chess.com"]
[Date "2023.12.19"]
[Round "5"]
[White "Stankovic, Boris"]
[Black "Kohler, Aran"]
[Result "1-0"]
[Board "168"]
[TimeControl "180+1"]
[WhiteFideId "985317"]
[BlackFideId "1002856"]
[WhiteElo "2265"]
[BlackElo "2286"]
[WhiteTeam "SRB"]
[BlackTeam "NED"]
[WhiteClock "0:00:31"]
[BlackClock "0:00:25"]

1. g3 d5 2. Bg2 c6 3. b3 Nf6 4. Bb2 Bf5 5. f4 e6 6. Nf3 h6 7. O-O Bc5+ 8. e3 Nbd7 9. Nc3 a5 10. a4 O-O 11. h3 Bh7 12. Kh2 Rb8 13. Ne5 Nxe5 14. fxe5 Nd7 15. Ne2 b5 16. axb5 cxb5 17. Nf4 Be7 18. Qg4 Kh8 19. Nh5 Bg6 20. Rf2 Qc7 21. Nf4 Bf5 22. Qh5 Bg5 23. Bd4 Nxe5 24. Nxd5 exd5 25. Rxf5 g6 26. Qxg5 gxf5 27. Qf6+ Kh7 28. Bxe5 Qxc2 29. Rc1 1-0

[Event "December 19 Early 2023"]
[Site "https://www.chess.com"]
[Date "2023.12.19"]
[Round "5"]
[White "Boor, Carl"]
[Black "Sarkar, Justin"]
[Result "1-0"]
[Board "169"]
[TimeControl "180+1"]
[WhiteFideId "2017008"]
[BlackFideId "2010011"]
[WhiteElo "2330"]
[BlackElo "2138"]
[WhiteTeam "USA"]
[BlackTeam "USA"]
[WhiteClock "0:00:23"]
[BlackClock "0:00:00"]

1. d4 Nf6 2. Bg5 d5 3. e3 c6 4. Nd2 Bg4 5. f3 Bh5 6. Ne2 Nbd7 7. g4 Bg6 8. Nf4 e5 9. Nxg6 hxg6 10. c3 Be7 11. Qb3 Qb6 12. h4 e4 13. Be2 exf3 14. Bxf3 Qxb3 15. axb3 a6 16. O-O-O Nf8 17. Bf4 Ne6 18. Be5 a5 19. Rdg1 a4 20. b4 a3 21. bxa3 Rxa3 22. Kb2 Ra8 23. g5 Nd7 24. Bg3 Nb6 25. Ra1 Kd7 26. Kb3 1-0

[Event "December 19 Early 2023"]
[Site "https://www.chess.com"]
[Date "2023.12.19"]
[Round "5"]
[White "Himanshu, Sharma"]
[Black "Avila Rodriguez, Joshua Ad"]
[Result "1-0"]
[Board "170"]
[TimeControl "180+1"]
[WhiteFideId "5007836"]
[BlackFideId "5126444"]
[WhiteElo "2307"]
[BlackElo "2097"]
[WhiteTeam "IND"]
[BlackTeam "MEX"]
[WhiteClock "0:00:14"]
[BlackClock "0:00:02"]

1. d4 Nf6 2. Nc3 d5 3. Bf4 c5 4. e3 cxd4 5. exd4 a6 6. Qd2 Nc6 7. Nf3 e6 8. Ne5 Bd7 9. a3 Be7 10. Be2 O-O 11. g4 Be8 12. Rg1 Qb6 13. O-O-O Rc8 14. g5 Ne4 15. Nxe4 dxe4 16. Nc4 Qd8 17. Qe3 b5 18. Ne5 Qd5 19. Kb1 Na5 20. h4 Nc4 21. Bxc4 bxc4 22. c3 Ba4 23. Rde1 Qb5 24. Qxe4 Bxa3 25. Re2 Be7 26. Ng4 Bb3 27. Nf6+ Bxf6 28. gxf6 g6 29. Bd6 Rfd8 30. Qf4 Qa5 31. Ba3 Re8 32. Rg5 Qb6 33. Rge5 Qc6 34. Qh6 Qh1+ 35. Re1 Qxh4 36. Qg7# 1-0

[Event "December 19 Early 2023"]
[Site "https://www.chess.com"]
[Date "2023.12.19"]
[Round "5"]
[White "Berezin, Viktor"]
[Black "Blokhin, Sofia"]
[Result "0-1"]
[Board "172"]
[TimeControl "180+1"]
[WhiteFideId "14107872"]
[BlackFideId "4508190"]
[WhiteElo "2310"]
[BlackElo "1916"]
[WhiteTeam "UKR"]
[BlackTeam "EST"]
[WhiteClock "0:00:17"]
[BlackClock "0:00:12"]

1. d4 f5 2. g3 Nf6 3. Bg2 g6 4. Nh3 Bg7 5. Nf4 O-O 6. h4 d6 7. c3 Qe8 8. h5 g5 9. h6 Bh8 10. Nh3 g4 11. Ng5 Qg6 12. Qb3+ d5 13. c4 Ne4 14. Nxe4 dxe4 15. e3 Nc6 16. Nc3 e6 17. Bd2 b6 18. O-O-O Na5 19. Qb4 Bf6 20. Nb5 Qf7 21. c5 a6 22. Nc3 Nc6 23. Qa4 Bd7 24. cxb6 cxb6 25. Qa3 Rfc8 26. Kb1 b5 27. Ne2 a5 28. b3 b4 29. Qb2 a4 30. Nf4 e5 31. Nh5 exd4 32. Nxf6+ Qxf6 33. Bf1 axb3 34. axb3 Ra3 35. Rh5 Rca8 36. Bc4+ Kf8 37. exd4 Ra1+ 38. Kc2 Nxd4+ 39. Qxd4 R8a2+ 40. Qb2 Qxb2# 0-1

[Event "December 19 Early 2023"]
[Site "https://www.chess.com"]
[Date "2023.12.19"]
[Round "5"]
[White "Reprintsev, Alexander"]
[Black "Player, Edmund C"]
[Result "1-0"]
[Board "173"]
[TimeControl "180+1"]
[WhiteFideId "14100541"]
[BlackFideId "406520"]
[WhiteElo "2229"]
[BlackElo "2015"]
[WhiteTeam "UKR"]
[BlackTeam "ENG"]
[WhiteClock "0:01:12"]
[BlackClock "0:00:03"]

1. e4 Nf6 2. e5 Nd5 3. d4 d6 4. c4 Nb6 5. f4 Nc6 6. d5 Nb8 7. Nc3 dxe5 8. fxe5 e6 9. Nf3 exd5 10. cxd5 Bg4 11. Be2 Bc5 12. Bg5 Qc8 13. Ne4 Bb4+ 14. Kf2 Qd7 15. a3 Be7 16. Bxe7 Qxe7 17. d6 Qd7 18. dxc7 Qxc7 19. Nd6+ Kf8 20. Rc1 Nc6 21. h3 Bh5 22. Nd4 Bxe2 23. Qxe2 Rd8 24. Nxc6 bxc6 25. Rhd1 Nd5 26. Rxd5 Qb6+ 27. Rdc5 g6 28. b4 Kg7 29. Qf3 f5 30. Qxc6 Qb8 31. Qc7+ Qxc7 32. Rxc7+ Kh6 33. Nf7+ 1-0

[Event "December 19 Early 2023"]
[Site "https://www.chess.com"]
[Date "2023.12.19"]
[Round "5"]
[White "Rodriguez Santiago, Jaime"]
[Black "Parfenov, Viktor N."]
[Result "0-1"]
[Board "174"]
[TimeControl "180+1"]
[WhiteFideId "3100898"]
[BlackFideId "4165969"]
[WhiteElo "2025"]
[BlackElo "2093"]
[WhiteTeam "PUR"]
[BlackTeam "RUS"]
[WhiteClock "0:00:10"]
[BlackClock "0:00:15"]

1. c4 e6 2. Nf3 d5 3. g3 Nf6 4. Bg2 Be7 5. O-O O-O 6. b3 b6 7. Bb2 Bb7 8. e3 c5 9. d3 Nc6 10. Qe2 d4 11. exd4 Nxd4 12. Nxd4 Bxg2 13. Kxg2 cxd4 14. Nd2 Bc5 15. Nf3 Re8 16. Ne5 Nd7 17. Nc6 Qf6 18. b4 e5 19. b5 Nb8 20. Nxd4 e4 21. Nb3 Qg6 22. Nxc5 bxc5 23. dxe4 Rxe4 24. Qf3 Nd7 25. Rad1 Nf8 26. h4 Rae8 27. h5 Qe6 28. Qc3 f6 29. Rd5 h6 30. Rxc5 Nd7 31. Rd5 Nb6 32. Rd4 Nxc4 33. Ba1 Nb6 34. Rfd1 Qf5 35. Rxe4 Rxe4 36. Qf3 Qe6 37. Rd8+ Kf7 38. a4 Nxa4 39. Rd7+ Qxd7 40. Qxe4 Nb6 41. Qg6+ Kf8 42. Bc3 Nd5 43. Bb2 Qxb5 44. Ba3+ Kg8 45. Qe4 Qd7 46. Qc4 Kh8 47. Kh2 a5 48. Bf8 Qf7 49. Bc5 Qxh5+ 50. Kg2 Qf7 51. Qe4 Kg8 52. Be3 Ne7 53. Bf4 Qd5 54. Qxd5+ Nxd5 55. Bc1 a4 56. Kf3 Kf7 57. Ke4 Ke6 58. f4 f5+ 59. Kd4 Kd6 60. Ba3+ Ke6 61. Kc5 Nf6 62. Kb5 Ne4 63. Kxa4 Nxg3 64. Kb3 g6 65. Kc2 Ne2 66. Kd2 Nxf4 67. Ke3 Nd5+ 68. Kf3 Nf6 69. Kg3 g5 70. Bb2 Kf7 71. Kh3 Kg6 72. Bc1 h5 73. Kh2 f4 74. Kh3 Kf5 75. Kg2 Ne4 76. Kh2 g4 77. Ba3 h4 78. Bc1 Ng5 79. Kg2 g3 80. Bd2 Kg4 81. Bc3 h3+ 82. Kh1 f3 83. Be1 Ne4 84. Kg1 h2+ 85. Kh1 f2 86. Bxf2 Nxf2+ 87. Kg2 h1=Q# 0-1

[Event "December 19 Early 2023"]
[Site "https://www.chess.com"]
[Date "2023.12.19"]
[Round "5"]
[White "Liu, Kelsey"]
[Black "Sreyas Payyappat"]
[Result "0-1"]
[Board "175"]
[TimeControl "180+1"]
[WhiteFideId "30944481"]
[BlackFideId "46674969"]
[WhiteElo "2252"]
[BlackElo "2043"]
[WhiteTeam "USA"]
[BlackTeam "IND"]
[WhiteClock "0:02:20"]
[BlackClock "0:02:07"]

1. d4 Nf6 2. Nf3 c5 3. c3 e6 4. Bf4 Nc6 5. e3 Nh5 6. Bg3 d5 7. Nbd2 Qb6 8. Qc2 Nxg3 9. hxg3 g6 10. Bd3 Bg7 11. g4 a6 12. g5 c4 13. Be2 Qc7 14. O-O h6 15. g3 hxg5 16. Nxg5 Bh6 17. f4 Bxg5 18. fxg5 Qxg3# 0-1

[Event "December 19 Early 2023"]
[Site "https://www.chess.com"]
[Date "2023.12.19"]
[Round "5"]
[White "Hrebenshchykova, Yelyzaveta"]
[Black "Fernandez Hernandez, Gerardo"]
[Result "0-1"]
[Board "176"]
[TimeControl "180+1"]
[WhiteFideId "14159899"]
[BlackFideId "2207400"]
[WhiteElo "2045"]
[BlackElo "2257"]
[WhiteTeam "UKR"]
[BlackTeam "ESP"]
[WhiteClock "0:00:00"]
[BlackClock "0:00:22"]

1. e4 e6 2. d4 d5 3. Nc3 Nc6 4. Nf3 Nf6 5. e5 Ne4 6. Bd3 Bb4 7. O-O Nxc3 8. bxc3 Bxc3 9. Rb1 h6 10. Bb5 Bd7 11. Qd3 Ba5 12. Ba3 a6 13. Ba4 b5 14. Bb3 b4 15. Bb2 Ne7 16. c4 bxc3 17. Bxc3 Bb5 18. Qd2 Bxc3 19. Qxc3 Bxf1 20. Kxf1 O-O 21. Qc5 Rb8 22. Rc1 Rb7 23. g4 Qd7 24. Kg2 Ng6 25. h4 Nf4+ 26. Kh2 Nd3 27. Qc2 Nxc1 28. Qxc1 Qb5 29. g5 Qe2 30. Kg3 h5 31. Qc5 Rfb8 32. g6 fxg6 33. Qe7 Rf8 34. Qxe6+ Kh8 35. Ng5 Qxf2+ 36. Kh3 Qe3+ 0-1

[Event "December 19 Early 2023"]
[Site "https://www.chess.com"]
[Date "2023.12.19"]
[Round "5"]
[White "Clawitter, Craig"]
[Black "Azali, Tannaz"]
[Result "1/2-1/2"]
[Board "177"]
[TimeControl "180+1"]
[WhiteFideId "2023105"]
[BlackFideId "12537721"]
[WhiteElo "2247"]
[BlackElo "1828"]
[WhiteTeam "USA"]
[BlackTeam "IRI"]
[WhiteClock "0:00:08"]
[BlackClock "0:00:14"]

1. e4 c5 2. Nf3 e6 3. d4 cxd4 4. Nxd4 Nf6 5. Nc3 Nc6 6. Ndb5 Bc5 7. Bf4 O-O 8. Bc7 Qe7 9. Bd6 Bxd6 10. Qxd6 Qd8 11. Qf4 a6 12. Nd6 Ne8 13. O-O-O Nxd6 14. Rxd6 Qa5 15. Kb1 f5 16. exf5 Rxf5 17. Qd2 b5 18. Bd3 Rf8 19. Be4 b4 20. Nd1 Qc5 21. g3 Rb8 22. f4 Na5 23. Ne3 Nc4 24. Nxc4 Qxc4 25. Bd3 Qc5 26. Rd1 a5 27. Qe2 a4 28. Qe4 Qh5 29. Be2 Qf5 30. Qxf5 Rxf5 31. Bd3 Rc5 32. Be4 g6 33. h4 Kf7 34. R1d4 Ke7 35. Bf3 Rcb5 36. Kc1 R8b6 37. Rxb6 Rxb6 38. a3 bxa3 39. bxa3 Ra6 40. Be2 Ra5 41. Bd1 d5 42. c3 Bd7 43. Kd2 Kd6 44. Rb4 Ra8 45. Be2 Rc8 46. Bb5 Bxb5 47. Rxb5 Rc4 48. Rb4 Kc5 49. Kd3 h5 50. Rxc4+ dxc4+ 51. Ke3 Kd5 52. Kf3 e5 53. fxe5 Kxe5 54. Ke3 Kf5 55. Kf3 Ke5 56. Ke3 Kf5 57. Kf3 Ke5 1/2-1/2